 Dungeon Crawl Stone Soup version 0.30-a0-42-g806c11bf1d (webtiles) character file.

Game seed: 6197463370395919605

2142 SensoryNuts the Cleaver (level 8, -1/67 HPs)
             Began as a Demigod Fighter on Aug 30, 2022.
             Succumbed to a killer bee's poison
             ... on level 9 of the Dungeon.
             The game lasted 00:11:01 (8419 turns).

SensoryNuts the Cleaver (Demigod Fighter)           Turns: 8419, Time: 00:11:01

Health: -1/67      AC: 13    Str: 25    XL:     8   Next: 83%
Magic:  10/10      EV: 11    Int:  8    God:
Gold:   280        SH:  5    Dex: 13    Spells: 7/7 levels left

rFire   . . .      SeeInvis .    a - +0 war axe
rCold   . . .      Faith    .    c - +0 buckler
rNeg    . . .      Spirit   .    b - +2 swamp dragon scales
rPois   +          Reflect  .    (no helmet)
rElec   .          Harm     .    (no cloak)
rCorr   .          Rampage  .    s - +0 pair of gloves
Will    .....                    l - +0 pair of boots
Stlth   +.........               (no amulet)
HPRegen 0.21/turn                (no ring)
MPRegen 0.12/turn                (no ring)

@: lethally poisoned (-1 -> -16)
A: high MP 1, forlorn, divine attributes, dopey 1, sturdy frame 1
a: no special abilities


You were on level 9 of the Dungeon.
You visited 2 branches of the dungeon, and saw 10 of its levels.

You collected 472 gold pieces.
You spent 192 gold pieces at shops.

Inventory:

Hand Weapons
 a - a +0 war axe (weapon)
Armour
 b - +2 swamp dragon scales (worn)
 c - a +0 buckler (worn)
 j - a +1 plate armour
 l - a +0 pair of boots (worn)
 s - a +0 pair of gloves (worn)
Jewellery
 g - a ring of positive energy
 q - a ring of protection from fire
Wands
 x - a wand of flame (30)
Scrolls
 h - a scroll of butterflies
 v - 2 scrolls of poison
Potions
 d - a potion of might
 e - 2 potions of brilliance
 f - a potion of curing
 k - a potion of lignification
 m - 4 potions of attraction
 n - a potion of flight
 o - a potion of degeneration
 r - a potion of mutation
 u - a potion of cancellation


   Skills:
 + Level 4.5 Fighting
 * Level 8.8 Axes
 + Level 5.5 Armour
 + Level 0.9 Dodging
 + Level 1.7 Stealth
 + Level 3.5 Shields


You had 7 spell levels left.
You didn't know any spells.
Your spell library contained the following spells:

 Spells                   Type           Power      Damage    Failure   Level
 Apportation              Tloc           0%         N/A       56%         1
 Necrotise                Necr           0%         1d4       56%         1
 Shock                    Conj/Air       0%         1d3       56%         1
 Slow                     Hex            0%         N/A       56%         1
 Summon Small Mammal      Summ           0%         N/A       56%         1
 Blink                    Tloc           0%         N/A       71%         2
 Sublimation of Blood     Necr           0%         N/A       71%         2
 Confusing Touch          Hex            0%         N/A       91%         3
 Frozen Ramparts          Ice            0%         1d1       91%         3
 Gell's Gravitas          Tloc           0%         N/A       91%         3
 Inner Flame              Hex/Fire       0%         N/A       91%         3
 Lesser Beckoning         Tloc           0%         N/A       91%         3
 Ozocubu's Armour         Ice            0%         N/A       91%         3
 Teleport Other           Tloc           0%         N/A       91%         3
 Tukima's Dance           Hex            0%         N/A       91%         3
 Vampiric Draining        Necr           0%         2d6       91%         3
 Cause Fear               Hex            0%         N/A       100%        4
 Ice Form                 Ice/Tmut       0%         N/A       100%        4
 Passage of Golubria      Tloc           0%         N/A       100%        4
 Petrify                  Tmut/Erth      0%         N/A       100%        4
 Summon Ice Beast         Ice/Summ       0%         N/A       100%        4
 Irradiate                Conj/Tmut      0%         3d11      100%        5
 Manifold Assault         Tloc           0%         N/A       100%        5
 Metabolic Englaciation   Hex/Ice        0%         N/A       100%        5
 Yara's Violent Unravell  Hex/Tmut       0%         3d3       100%        5
 Simulacrum               Ice/Necr       0%         N/A       100%        6
 Ozocubu's Refrigeration  Ice            0%         4d7       100%        7
 Discord                  Hex            0%         N/A       100%        8


Dungeon Overview and Level Annotations

Branches:
Dungeon (9/15)             Temple (1/1) D:5
   Lair: D:8-11         Orc: D:9-12

Shops:
D:3 !

Annotations:
D:3 2 transporters


Innate Abilities, Weirdness & Mutations

You have an increased reservoir of magic. (+10% MP)
You shall have no god before yourself.
Your divine heritage dramatically boosts your attributes as you level up.
You are dopey. (Int -2)
Your movements are slightly less encumbered by armour. (ER -2)


Message History

Okay, then.
Okay, then.
Unknown command.
Okay, then.
* * * LOW HITPOINT WARNING * * *
You feel sick.
You feel better.
Blink to where?
Press: ? - help, Dir - move target
As you read the scroll of blinking, it crumbles to dust.
The killer bee barely misses you.
The killer bee attacks as you move away!
The killer bee stings you.
* * * LOW HITPOINT WARNING * * *
There is a stone staircase leading down here.
The killer bee barely misses you. The killer bee closely misses you.
You block the killer bee's attack.
You climb downwards.
Found a scroll labelled TUUSHAELIM, a scroll of vulnerability and a long sword.
There is a stone staircase leading up here.
You miss the killer bee.
The killer bee is severely wounded.
The killer bee stings you but does no damage.
The killer bee barely misses you.
You closely miss the killer bee.
The killer bee is severely wounded.
You block the killer bee's attack. The killer bee stings you!
* * * LOW HITPOINT WARNING * * *
You are lethally poisoned!
The killer bee poisons you!
You miss the killer bee.
The killer bee is severely wounded.
* * * LOW HITPOINT WARNING * * *
You feel sick. The killer bee stings you.
* * * LOW HITPOINT WARNING * * *
You are more poisoned.
The killer bee poisons you! The killer bee barely misses you. x2
You closely miss the killer bee.
The killer bee is severely wounded.
You die...

# +### +##
.### ..... )..
....#
#..#.##?##...#
##....?......#
...........#
.......@...#
..##...y....#
#......#..##
#.##.....## ..
#.... # #
...... ...##..
.... ...


You could see a killer bee.

Vanquished Creatures
  Maggie (D:8)
  2 steam dragons (D:8)
  A water moccasin (D:7)
  2 sky beasts
  A black bear (D:7)
  2 ogres (D:5)
  2 kobold brigands
  2 bullfrogs
  2 scorpions (D:5)
  A necrophage (D:6)
  3 howler monkeys (D:7)
  2 hounds (D:3)
  A gnoll bouda (D:7)
  Jessica (D:3)
  4 iguanas
  6 gnolls
  10 adders
  2 shadow imps (D:5)
  A white imp (D:6)
  An ufetubus (D:6)
  2 worms
  3 dart slugs
  3 orcs (D:5)
  8 endoplasms
  5 giant cockroaches
  8 goblins
  6 hobgoblins
  8 jackals
  17 kobolds
  4 quokkas
  3 ball pythons
  3 bats
  3 frilled lizards
  5 rats
125 creatures vanquished.

Vanquished Creatures (others)
  2 plants (D:2)
2 creatures vanquished.

Grand Total: 127 creatures vanquished

Notes
Turn   | Place    | Note
-------+----------+-------------------------------------------
     0 | D:1      | SensoryNuts the Demigod Fighter began the quest for the
                  | Orb.
     0 | D:1      | Reached XP level 1. HP: 18/18 MP: 3/3
   305 | D:1      | Reached skill level 2 in Axes
   305 | D:1      | Reached XP level 2. HP: 26/26 MP: 4/4
   563 | D:1      | Got Plato's Book of the Welkin
   745 | D:1      | Reached XP level 3. HP: 17/31 MP: 5/5
  1562 | D:2      | Reached skill level 3 in Axes
  1871 | D:2      | Reached XP level 4. HP: 13/38 MP: 6/6
  2464 | D:3      | Found a transporter.
  2846 | D:3      | Reached skill level 4 in Axes
  2846 | D:3      | Reached XP level 5. HP: 36/45 MP: 7/7
  3095 | D:3      | Found a transporter.
  3097 | D:3      | Noticed Jessica
  3099 | D:3      | Killed Jessica
  3360 | D:3      | Found Gesiejiq's Distillery.
  3462 | D:3      | Bought a potion of mutation for 96 gold pieces
  3462 | D:3      | Bought a potion of mutation for 96 gold pieces
  3462 | D:3      | Gained mutation: Your movements are slightly less
                  | encumbered by armour. (ER -2) [potion of mutation]
  3462 | D:3      | Gained mutation: You are dopey. (Int -2) [potion of
                  | mutation]
  4358 | D:4      | Reached skill level 5 in Axes
  4358 | D:4      | Reached XP level 6. HP: 38/51 MP: 8/8
  4870 | D:5      | Entered Level 5 of the Dungeon
  5147 | D:5      | Found a staircase to the Ecumenical Temple.
  5167 | Temple   | Entered the Ecumenical Temple
  5167 | Temple   | Found a transporter.
  5167 | Temple   | Found a transporter.
  5169 | Temple   | Found a transporter.
  5169 | Temple   | Found a transporter.
  5390 | D:5      | HP: 2/52 [ogre/+0 giant club (3)]
  5392 | D:5      | Reached skill level 6 in Axes
  5392 | D:5      | Reached XP level 7. HP: 3/58 MP: 9/9
  6939 | D:7      | Identified the +9 glaive of the Three Seers {flame, rPois
                  | rC+}
  6982 | D:7      | Reached skill level 7 in Axes
  7307 | D:7      | Reached XP level 8. HP: 54/66 MP: 10/10
  7514 | D:7      | Got the Teachings on Glaciation
  7647 | D:7      | Reached skill level 5 in Armour
  7947 | D:8      | Reached skill level 8 in Axes
  8026 | D:8      | Noticed Maggie
  8041 | D:8      | Killed Maggie
  8042 | D:8      | Reached skill level 1 in Stealth
  8235 | D:8      | Identified the +1 robe of the Dropbear {rN+ Str+3}
  8418 | D:9      | HP: 3/67 [poisoned by a killer bee]
  8419 | D:9      | Succumbed to a killer bee's poison

Illustrated notes

Levels and vault maps discovered:
D:1:      dreamdust_arrival_sigmund_warning, layout_loops_cross,
          shapermc_ecumenical_altar_rom_forum, minmay_heptomino_w4
D:2:      layout_loops_ring, chequers_serial_rivers_room_a,
          guppyfry_early_lair_pool
D:3:      gammafunk_steamed_eel, layout_loops_ring, serial_rivers,
          chequers_serial_rivers_micro_b, chequers_serial_rivers_room_a,
          chequers_serial_rivers_room_a, chequers_serial_rivers_marsh,
          serial_shops, nicolae_shop_statue_plus, st_stairs_6, uniq_jessica
D:4:      layout_basic, lemuel_tele_altar, minmay_strange_pillars
D:5:      layout_rooms, minmay_temple_entry_arrows,
          nicolae_concentric_dashed_squares_wild
D:6:      layout_loops_ring
D:7:      layout_cave_pools, mainiacjoe_overflow_catwalk_spiral
D:8:      layout_loops_corners, hangedman_decor_riveting, uniq_erica, uniq_grum,
          uniq_maggie
D:9:      minmay_the_grid_square_5x5_3x3
          [minmay_the_grid_square_5x5_three_walls,
          minmay_the_grid_square_5x5_empty, minmay_the_grid_square_5x5_spiral,
          minmay_the_grid_square_5x5_half_checkered,
          minmay_the_grid_square_5x5_megaprize_open,
          minmay_the_grid_square_5x5_corner,
          minmay_the_grid_square_5x5_checkered,
          minmay_the_grid_square_5x5_doubleslash,
          minmay_the_grid_square_5x5_trominoes], layout_cave_pools
Temple:   hellmonk_temple_divided_pantheon

Skill      XL: |  1  2  3  4  5  6  7  8 |
---------------+-------------------------+-----
Fighting       | 3 4 |  4.5
Axes           | 2 3 4 5 6 7 8 |  8.8
Shields        | 3 |  3.5
Armour         | 3 4 5 |  5.5
Stealth        | 1 |  1.7
Dodging        | |  0.9

Action                   |  1- 3 |  4- 6 |  7- 9 || total
-------------------------+-------+-------+-------++-------
Melee: War axe           |   126 |   186 |   182 ||   494
  Use: Scroll            |       |    15 |    10 ||    25
       Potion            |       |     3 |     4 ||     7
Armor: Scale mail        |    58 |    12 |       ||    70
       Plate armour      |       |   104 |   118 ||   222
       Swamp dragon scal |       |       |    13 ||    13
Dodge: Dodged            |    63 |    69 |    57 ||   189
Block: Buckler           |    28 |    42 |    41 ||   111

Table legend: (Time is in decaauts)
 A = Elapsed time spent in this place.
 B = Non-inter-level travel time spent in this place.
 C = Inter-level travel time spent in this place.
 D = Time resting spent in this place.
 E = Time spent auto-exploring this place.
 F = Levels seen in this place.
 G = Mean time per level.
                   A        B        C        D        E       F      G
               +--------+--------+--------+--------+--------+-----+--------+
         Total |   8548 |   8189 |    359 |    129 |   6606 |  10 |  854.8 |
       Dungeon |   8508 |   8149 |    359 |    129 |   6600 |   9 |  945.3 |
        Temple |     39 |     39 |      0 |      0 |      6 |   1 |   39.0 |
               +--------+--------+--------+--------+--------+-----+--------+

Top non-repeatable levels by time:
     D:3: 1384 daAuts
     D:1: 1313 daAuts
     D:2: 1213 daAuts
     D:6: 1196 daAuts
     D:4: 1062 daAuts
     D:5: 927 daAuts
     D:7: 786 daAuts
     D:8: 621 daAuts
  Temple: 39 daAuts
     D:9: 4 daAuts
